AoeStats
← GareBear330

Black Forest

510226916Analyzed
4v4 RM · 3d ago on Sep 30, 2026· 56m 58s· 8 players
Game mode
Random Map
Map size
Large (8 player)
Population
200
Speed
Normal
Resources
Standard
Victory
Conquest
Starting age
Dark Age
Ending age
Imperial Age
RankedLock teamsTeams togetherTeam positionsShared explorationLock speedFull tech treeHidden civsTurbo modeCheats
Victory
Defeat
🇺🇸 Mongols · United States
1449
+13
🇨🇳 Hindustanis · China
1429
+14
🇹🇼 Teutons · Taiwan
1310
+18
🇺🇸 Danes · United States
1299
+18
🇦🇷 Italians · Argentina
1446
-19
🇦🇷 Danes · Argentina
1378
-16
🇺🇾 Saracens · Uruguay
1333
-14
🇦🇷 Khmer · Argentina
1321
-14
GareBear330
7:15 Loom
10:23 Feudal Age
11:39 Double-Bit Axe
14:31 Castle Age
17:01 Bow Saw
17:20 Horse Collar
22:38 Wheelbarrow
24:54 Gold Mining
28:29 Imperial Age
26:35 Fletching
26:46 Padded Archer Armor
27:31 Bodkin Arrow
28:50 Leather Archer Armor
29:23 Bloodlines
29:58 Bracer
30:33 Husbandry
30:53 Onager
31:55 Conscription
32:50 Ballistics
33:36 Chemistry
35:41 Drill
35:40 Fortified Wall
36:40 Caravan
38:52 Nomads
39:29 Siege Onager
47:51 Light Cavalry
48:37 Scale Barding Armor
48:43 Forging
49:58 Chain Barding Armor
49:59 Hussar
50:40 Elite Mangudai
52:09 Coinage
53:13 Iron Casting
G31GER
0:38 Loom
10:00 Feudal Age
23:09 Castle Age
21:30 Double-Bit Axe
21:33 Horse Collar
22:36 Gold Mining
25:30 Wheelbarrow
27:53 Scale Mail Armor
28:06 Fletching
28:58 Hand Cart
31:54 Pikeman
32:35 Squires
35:42 Scale Mail Armor
49:04 Imperial Age
49:27 Halberdier
藥膏
0:41 Loom
9:26 Feudal Age
17:17 Fletching
23:49 Castle Age
27:44 Horse Collar
27:56 Gold Mining
33:21 Wheelbarrow
32:33 Town Watch
32:57 Double-Bit Axe
38:46 Imperial Age
37:20 Hand Cart
36:56 Gold Mining
36:57 Stone Mining
37:41 Bow Saw
37:38 Heavy Plow
39:01 Stone Shaft Mining
40:35 Chemistry
39:44 Scale Mail Armor
39:55 Forging
41:00 Chain Mail Armor
40:32 Capped Ram
42:06 Iron Casting
42:44 Two-Man Saw
41:06 Pikeman
41:47 Squires
41:32 Arson
43:07 Plate Mail Armor
42:00 Halberdier
44:00 Ironclad
44:37 Conscription
45:38 Blast Furnace
44:23 Capped Ram
45:52 Ballistics
46:00 Caravan
46:11 Guilds
46:32 Coinage
53:28 Elite Teutonic Knight
120057903
6:30 Loom
10:25 Feudal Age
11:34 Double-Bit Axe
11:35 Horse Collar
14:23 Castle Age
13:08 Horse Collar
15:28 Bow Saw
15:57 Heavy Plow
20:27 Wheelbarrow
19:40 Town Watch
21:37 Hand Cart
26:47 Imperial Age
24:47 Gold Mining
25:41 Scale Barding Armor
25:47 Forging
27:16 Chain Barding Armor
26:57 Grand Trunk Road
27:12 Heavy Camel Rider
28:47 Plate Barding Armor
28:14 Husbandry
29:27 Iron Casting
29:05 Bloodlines
29:20 Conscription
29:42 Gold Shaft Mining
29:02 Imperial Camel Rider
31:33 Coinage
33:42 Banking
34:38 Chemistry
34:40 Blast Furnace
36:42 Town Patrol
37:45 Stone Mining
38:15 Masonry
37:58 Fletching
38:39 Caravan
40:29 Bodkin Arrow
40:35 Padded Archer Armor
43:11 Stone Shaft Mining
42:38 Bracer
49:40 Fortified Wall
49:53 Ballistics
PNAL | Diego Rodriguez
6:56 Loom
9:03 Feudal Age
11:41 Double-Bit Axe
18:47 Castle Age
18:03 Horse Collar
18:15 Gold Mining
19:03 Wheelbarrow
22:00 Bow Saw
23:18 Hand Cart
23:46 Town Watch
26:40 Fletching
27:15 Bodkin Arrow
27:35 Padded Archer Armor
32:56 Imperial Age
31:29 Thumb Ring
30:45 Crossbowman
32:40 Leather Archer Armor
34:57 Chemistry
35:10 Bracer
36:23 Ballistics
35:41 Arbalester
39:30 Town Patrol
41:21 Masonry
41:17 Siege Engineers
44:36 Ring Archer Armor
44:43 Coinage
47:17 Murder Holes
55:21 Heavy Plow
55:58 Gold Shaft Mining
55:13 Stone Mining
56:04 Fortified Wall
PNAL | TommyA
10:24 Feudal Age
14:15 Castle Age
12:39 Double-Bit Axe
12:46 Horse Collar
17:56 Heavy Plow
18:09 Bow Saw
22:39 Wheelbarrow
24:44 Hand Cart
24:21 Gold Mining
28:26 Imperial Age
26:57 Town Watch
27:48 Bloodlines
28:17 Forging
28:12 Scale Barding Armor
29:24 Gold Shaft Mining
29:39 Iron Casting
28:41 Elite Battle Elephant
31:46 Blast Furnace
30:52 Scale Barding Armor
31:39 Husbandry
32:37 Chain Barding Armor
34:39 Plate Barding Armor
35:09 Chemistry
36:05 Caravan
36:37 Coinage
35:50 Capped Ram
37:39 Fortified Wall
38:24 Banking
39:17 Tusk Swords
40:28 Crop Rotation
40:34 Gold Shaft Mining
39:50 Stone Mining
42:14 Conscription
45:58 Cavalier
46:02 Light Cavalry
47:38 Ballistics
47:01 Hussar
51:12 Town Patrol
50:57 Loom
PNAL | ale_petro
0:26 Loom
11:55 Feudal Age
22:57 Castle Age
25:36 Fletching
27:36 Double-Bit Axe
34:22 Imperial Age
32:52 Bodkin Arrow
33:52 Padded Archer Armor
49:49 Bow Saw
52:51 Bracer
53:06 Leather Archer Armor
PNAL | juansombl
0:31 Loom
11:41 Feudal Age
15:43 Castle Age
13:37 Double-Bit Axe
16:59 Bow Saw
16:48 Gold Mining
18:56 Wheelbarrow
23:07 Hand Cart
28:13 Imperial Age
25:59 Stone Mining
28:40 Town Watch
29:17 Onager
31:50 Scale Mail Armor
32:01 Forging
32:13 Fletching
34:41 Chemistry
35:16 Chain Mail Armor
35:36 Iron Casting
35:20 Pikeman
36:00 Squires
36:09 Halberdier
42:16 Plate Mail Armor
46:35 Conscription
Connection lost

Rejoining the realm…

Still unreachable

The connection could not be restored.

Session expired

The server has moved on; the page needs a fresh start.